Map: Blueshift LE

Players

HurianKing - Winner!

  • Race: Terran Terran
  • League: Platinum
  • Spawn Location: 7:00

Odin

  • Race: Protoss Protoss
  • League: Gold
  • Spawn Location: 1:00

VOD

Have the link to the VOD?

Description

Time

  • Played on: Dec. 6, 2018, 10:09 p.m.
  • Length: 6:50
Show
View Real Time Build Order
Export as new Build Order

HurianKing Terran - Winner!

Build Orders:  

Get SALT Encoding   

  12  0:05  SCV  
  13  0:17  SCV  
  14  0:25  Supply Depot  
  14  0:29  SCV  
  14  0:33  Refinery  
  15  0:47  SCV  
  16  0:55  Barracks  
  16  0:59  SCV  
  17  1:08  Barracks  
  17  1:24  Supply Depot  
  17  1:30  Supply Depot  
  17  1:31  SCV  
  18  1:42  Refinery  
  18  1:43  SCV  
  19  1:49  Marine  
  20  2:00  Marine  
  21  2:11  Factory, SCV  
  22  2:22  Barracks Reactor x2  
  22  2:25  SCV  
  23  2:36  Engineering Bay  
  23  2:42  SCV  
  23  3:20  Bunker  
  23  3:21  Factory Tech Lab  
  23  3:23  Marine x2  
  25  3:38  Missile Turret, Orbital Command  
  25  3:41  Marine x2  
  26  3:45  Barracks Tech Lab  
  26  3:47  Starport  
  27  3:48  Siege Tank  
  30  4:01  Supply Depot  
  30  4:08  Terran Infantry Weapons Level 1  
  30  4:13  Combat Shield  
  30  4:21  Marine x2  
  32  4:31  Medivac  
  32  4:32  Medivac  
  32  4:36  Marine  
  37  4:38  Marine  
  37  4:45  Supply Depot  
  38  4:50  Marine  
  39  4:53  Marine  
  39  4:56  Marine  
  41  5:10  Missile Turret  
  41  5:13  Siege Tank  
  41  5:14  Marine x3  
  47  5:42  Medivac  
  47  5:43  Medivac  
  51  5:59  Supply Depot  
Show
View Real Time Build Order
Export as new Build Order

Odin Protoss 

Build Orders: Oracle Opening 

Get SALT Encoding   

  12  0:03  Probe  
  13  0:14  Probe  
  14  0:22  Probe  
  14  0:23  Pylon  
  15  0:40  Probe  
  16  0:43  Gateway  
  16  0:51  Probe  
  17  0:59  Probe  
  17  1:01  Assimilator  
  18  1:05  Assimilator  
  18  1:07  Probe  
  19  1:18  Probe  
  20  1:30  Probe  
  21  1:42  Probe  
  21  1:46  Cybernetics Core  
  21  1:49  Gateway  
  21  1:55  Probe  
  22  2:07  Probe  
  23  2:12  Pylon  
  23  2:14  Warp Gate  
  23  2:16  Pylon  
  23  2:35  Stargate  
  23  2:38  Adept x2  
  23  2:40  Probe  
  28  2:51  Shield Battery  
  27  3:24  Nexus  
  27  3:25  Sentry, Pylon  
  27  3:26  Sentry  
  31  3:38  Oracle  
  31  3:45  Probe  
  35  3:57  Probe  
  36  4:05  Oracle  
  36  4:09  Probe  
  40  4:21  Probe  
  40  4:22  Shield Battery  
  41  4:26  Pylon  
  41  4:28  Pylon  
  41  4:33  Probe  
  42  4:40  Probe  
  42  4:43  Assimilator  
  42  4:45  Probe  
  44  4:46  Stalker  
  44  4:47  Stalker  
  44  4:48  Assimilator  
  48  4:57  Probe  
  49  5:00  Probe  
  50  5:09  Probe  
  50  5:13  Probe  
  52  5:21  Probe  
  52  5:27  Robotics Facility  
  53  5:38  Probe x2  
  53  5:40  Stalker x2  
  59  5:47  Gateway x2  
  59  5:49  Gateway  
  59  5:51  Gateway  
  39  6:27  Stalker x2  
Tags
 
Add a new tag
Caveats
  • Supply blocks, unpowered buildings, or Contaminate may cause inaccurate times.
  • Supply counts are checked every 10 seconds.